Map: Jagannatha LE

Players

Maplez

  • Race: Protoss Protoss

DisK - Winner!

  • Race: Protoss Protoss

VOD

Have the link to the VOD?

Description

Time

  • Played on: Oct. 6, 2021, 4:12 p.m.
  • Length: 7:41
Show
View Real Time Build Order
Export as new Build Order

Maplez Protoss 

Build Orders: Blink Stalkers 

Get SALT Encoding   

  12  0:00  Probe  
  13  0:12  Probe  
  14  0:17  Pylon  
  14  0:24  Probe (Chrono Boost)  
  16  0:36  Probe (Chrono Boost)  
  16  0:38  Gateway  
  16  0:43  Probe (Chrono Boost)  
  16  0:46  Assimilator  
  17  0:51  Probe  
  17  0:54  Assimilator  
  18  1:03  Probe  
  19  1:07  Gateway  
  19  1:15  Probe  
  20  1:26  Cybernetics Core  
  20  1:27  Probe  
  21  1:33  Pylon  
  21  1:39  Probe  
  22  1:51  Probe  
  23  2:00  Warp Gate (Chrono Boost)  
  23  2:03  Stalker x2  
  28  2:12  Pylon  
  27  2:22  Twilight Council  
  27  2:35  Stalker  
  28  2:37  Stalker  
  28  2:42  Probe  
  31  2:55  Blink (Chrono Boost)  
  31  3:00  Probe  
  32  3:14  Gateway  
  32  3:24  Pylon  
  32  3:25  Gateway  
  32  3:45  Stalker x2  
  36  3:57  Pylon  
  34  4:05  Shield Battery  
  34  4:08  Stalker  
  34  4:09  Stalker  
  38  4:18  Stalker  
  40  4:26  Stalker  
  42  4:35  Stalker  
  44  4:42  Stalker  
  46  4:53  Stalker  
  46  4:59  Stalker  
  50  5:08  Stalker  
  50  5:24  Stalker x2  
  53  5:35  Stalker  
  53  5:46  Stalker  
  45  6:01  Stalker x2  
  47  6:05  Stalker  
  49  6:13  Stalker  
  49  6:26  Stalker  
  51  6:39  Stalker x2  
  43  6:56  Stalker x2  
  47  7:03  Stalker  
  47  7:21  Stalker x2  
  45  7:29  Stalker  
Show
View Real Time Build Order
Export as new Build Order

DisK Protoss - Winner!

Build Orders:  

Get SALT Encoding   

  12  0:00  Probe  
  13  0:12  Probe  
  14  0:17  Pylon  
  14  0:24  Probe (Chrono Boost)  
  15  0:35  Gateway  
  15  0:38  Probe (Chrono Boost)  
  16  0:46  Probe (Chrono Boost)  
  16  0:47  Assimilator  
  17  0:53  Probe  
  17  0:55  Assimilator  
  18  1:05  Probe (Chrono Boost)  
  18  1:10  Gateway  
  19  1:14  Probe (Chrono Boost)  
  20  1:19  Probe (Chrono Boost)  
  21  1:26  Cybernetics Core  
  21  1:32  Probe  
  22  1:41  Pylon  
  22  1:44  Probe  
  23  1:59  Warp Gate (Chrono Boost), Probe  
  24  2:02  Stalker x2  
  28  2:13  Probe  
  29  2:17  Pylon  
  29  2:25  Probe  
  30  2:35  Stalker x2  
  33  3:00  Nexus  
  33  3:04  Shield Battery  
  33  3:10  Sentry x2  
  37  3:18  Robotics Facility  
  37  3:26  Pylon  
  37  3:32  Shield Battery  
  37  3:35  Probe  
  38  3:44  Sentry  
  38  3:47  Probe  
  41  3:59  Probe  
  42  4:07  Observer  
  43  4:11  Stalker x2  
  43  4:12  Probe x2 (Chrono Boost)  
  45  4:18  Observer  
  45  4:21  Probe x2 (Chrono Boost), Forge  
  47  4:30  Stalker x2  
  52  4:34  Immortal  
  55  4:38  Shield Battery  
  55  4:40  Observer  
  51  4:53  Stalker x2  
  51  4:59  Shield Battery  
  55  5:17  Stalker x2  
  51  5:23  Immortal (Chrono Boost)  
  51  5:24  Probe x2  
  54  5:44  Stalker x2  
  43  6:02  Immortal  
  45  6:07  Shield Battery  
  45  6:11  Stalker  
  45  6:13  Stalker  
  48  6:38  Stalker x2  
  52  6:41  Shield Battery  
  52  6:56  Probe  
  52  6:57  Immortal (Chrono Boost)  
  52  6:58  Shield Battery  
  58  7:01  Probe  
  58  7:19  Stalker x2  
  58  7:21  Probe  
  58  7:22  Probe  
Tags
 
Add a new tag
Caveats
  • Supply blocks, unpowered buildings, or Contaminate may cause inaccurate times.
  • Supply counts are checked every 10 seconds.